 Dungeon Crawl Stone Soup version 0.25-a0-413-g3b4b6a4ccc (webtiles) character file.

Game seed: 1054850648632236937, levelgen mode: deterministic

9242 MisterFreud the Slicer (level 11, -22/89 HPs)
             Began as a Gnoll Chaos Knight on Jan 14, 2020.
             Was a Plaything of Xom.
             Annihilated by an orc knight
             ... wielding a +0 war axe
              (25 damage)
             ... in a bailey.
             The game lasted 00:23:56 (8394 turns).

MisterFreud the Slicer (Gnoll Chaos Knight)         Turns: 8394, Time: 00:23:56

Health: -22/89     AC:  5    Str: 21    XL:     11   Next: 43%
Magic:  20/20      EV: 16    Int: 17    God:    Xom [..*...]
Gold:   111        SH:  0    Dex: 13    Spells: 18/22 levels left

rFire    + . .     SeeInvis +   a - +2 short sword (drain)
rCold    . . .     Gourm    .   (no shield)
rNeg     + . .     Faith    .   J - +1 robe of the Countless Allies {+Fly MR++}
rPois    .         Spirit   .   (no helmet)
rElec    .         Reflect  .   y - +0 cloak
rCorr    .         Harm     .   (no gloves)
MR       ++...                  (no boots)
Stlth    +++.......             (no amulet)
HPRegen  0.24/turn              F - ring of see invisible
MPRegen  0.17/turn              r - ring "Weepsiq" {rF+ rN+ Str+4}

@: no status effects
A: distributed training, fangs 1, blurry vision 1, clumsy 1, strong 1, wild
magic 1, strong nose
a: Renounce Religion, Evoke Flight


You were in a bailey.
You worshipped Xom.
You were a toy of Xom.
You were not hungry.

You visited 1 branch of the dungeon, and saw 10 of its levels.
You also visited: Sewer and Bailey.

You collected 456 gold pieces.
You spent 345 gold pieces at shops.

Inventory:

Hand Weapons
 a - a +2 short sword of draining (weapon)
 b - the +3 sling "Punk" {acid, rCorr}
   (You found it on level 5 of the Dungeon)

   It provides partial protection from all sources of acid and corrosion.
Missiles
 i - 78 sling bullets
 j - 200 arrows
 m - 326 stones (quivered)
 o - 10 javelins
 q - 38 poisoned darts
 B - 28 boomerangs
 I - 5 datura-tipped darts
 L - 54 bolts
 M - 3 boomerangs of dispersal
Armour
 y - a +0 cloak (worn)
 J - the +1 robe of the Countless Allies (worn) {+Fly MR++}
   (You took it off an orc wizard on level 6 of the Dungeon)

   It affects your resistance to hostile enchantments.
   It lets you fly.
Jewellery
 d - an uncursed ring of flight
 r - the ring "Weepsiq" (right hand) {rF+ rN+ Str+4}
   (Xom gifted it to you on level 6 of the Dungeon)

   [ring of positive energy]

   It affects your strength (+4).
   It protects you from fire.
   It protects you from negative energy.
 v - an uncursed ring of poison resistance
 D - an uncursed ring of magical power
 F - a ring of see invisible (left hand)
Wands
 k - a wand of clouds (5)
 E - a wand of acid (30)
 K - a wand of scattershot (6)
 R - a wand of digging (5)
 S - a wand of random effects (18)
Scrolls
 f - 5 scrolls of remove curse
 s - 4 scrolls of fear
 x - 7 scrolls of blinking
 H - 4 scrolls of enchant weapon
 N - 2 scrolls of magic mapping
 P - a scroll of enchant armour
 T - a scroll of amnesia
Potions
 e - 6 potions of curing
 g - a potion of mutation
 h - 5 potions of heal wounds
 l - a potion of magic
 n - 5 potions of lignification
 p - 5 potions of brilliance
 t - 3 potions of haste
 u - 2 potions of ambrosia
 w - 3 potions of agility
 z - 7 potions of flight
 A - a potion of might
 G - a potion of cancellation {unknown}
 O - a potion of invisibility {unknown}
 Q - a potion of degeneration {unknown}
Miscellaneous
 C - a box of beasts
Comestibles
 c - 25 rations


   Skills:
 + Level 9.1 Fighting
 + Level 9.1 Short Blades
 + Level 6.2 Long Blades
 + Level 6.2 Axes
 + Level 6.2 Maces & Flails
 + Level 6.2 Polearms
 + Level 6.2 Staves
 + Level 6.2 Slings
 + Level 6.2 Bows
 + Level 6.2 Crossbows
 + Level 6.2 Throwing
 + Level 7.8 Armour
 + Level 6.7 Dodging
 + Level 6.2 Stealth
 + Level 6.2 Shields
 + Level 6.2 Unarmed Combat
 + Level 6.2 Spellcasting
 + Level 5.1 Conjurations
 + Level 5.1 Hexes
 + Level 5.1 Charms
 + Level 5.1 Summonings
 + Level 5.1 Necromancy
 + Level 5.1 Translocations
 + Level 5.1 Transmutations
 + Level 5.1 Fire Magic
 + Level 5.1 Ice Magic
 + Level 5.1 Air Magic
 + Level 5.1 Earth Magic
 + Level 5.1 Poison Magic
 + Level 6.8 Invocations
 + Level 6.2 Evocations


You had 18 spell levels left.
You knew the following spells:

 Your Spells              Type           Power        Failure   Level  Hunger
a - Sticky Flame          Conj/Fire      ####....     22%         4    ####...

Your spell library contained the following spells:

 Spells                   Type           Power        Failure   Level  Hunger
 Foxfire                  Conj/Fire      ####         3%          1    None
 Conjure Flame            Conj/Fire      ####....     8%          3    ##.....
 Inner Flame              Hex/Fire       ####....     8%          3    ##.....
 Fireball                 Conj/Fire      ####......   47%         5    #####..


Dungeon Overview and Level Annotations

Branches:
Dungeon (10/15)            Temple (0/1) D:4            Lair (0/6) D:8
    Orc (0/2) D:9           Sewer (visited)          Bailey (1/1)

Altars:
Ashenzari
Elyvilon
Gozag
Hepliaklqana
Makhleb
Okawaru
Ru
Sif Muna
Wu Jian
Xom

Shops:
D:6 [   D:8 !(

Annotations:
D:8 2 transporters, ApocalypseTheory's ghost, novice CeHu


Innate Abilities, Weirdness & Mutations

Your experience applies equally to all skills.
You have very sharp teeth.
Your uncanny sense of smell can sniff out nearby items.
Scrolls take you a little longer to read.
You are clumsy. (Dex -2)
Your muscles are strong. (Str +2)
Your spells are a little harder to cast, but a little more powerful.


Message History

The orc knight hits you with a +0 war axe!
Things that are here:
a +0 hand axe; a +0 leather armour; 4 boomerangs The orc knight hits you with a +0 war axe!!
* * * LOW HITPOINT WARNING * * *
The orc knight hits you with a +0 war axe!!
* * * LOW HITPOINT WARNING * * *
The orc warrior misses you.
Really read with blurry vision while enemies are nearby? [Y]es or [N]o only, please.
Really read with blurry vision while enemies are nearby? [Y]es or [N]o only, please.
Really read with blurry vision while enemies are nearby?
Okay, then.
Unknown command.
Really read with blurry vision while enemies are nearby?
You begin reading the scroll.
You continue reading the scroll.
The orc knight hits you with a +0 war axe!!
You die...
Xom roars with laughter!

** ** ,, ,, * ,,*,,* ** **
#.############# ,,,,,
..............#### ,, *
*######().o.......## * **,,
,,,##'#o@.)..†..## , * ,,,
,#..#....⌠.....# *,, , ,,
#..###.......## '.,* **
####..#.#..)..######### #.,,
,..o,^...#'#......#≈≈≈≈≈≈#*
#.,####'####..#.)...≈≈≈≈≈≈≈≈≈≈
≈
####.KKo.g.####))≈≈≈≈≈≈≈≈≈###≈
≈≈∩#K.ooKoo#∩≈≈≈≈≈≈≈....### *
* ≈≈≈#########≈≈≈≈≈......##


You could see an orc knight and an orc warrior.

Vanquished Creatures
  Harold (D:9)
  A hydra (D:8)
  A wizard (D:10)
  2 orc knights (Bailey)
  A hornet (D:10)
  2 dream sheep (D:8)
  A wyvern (D:10)
  7 yaks
  An acid dragon (D:8)
  Purgy (Sewer)
  6 orc warriors
  A black bear (D:9)
  3 ice beasts
  5 sky beasts
  2 necrophages
  3 ogres
  2 phantoms
  6 centaurs
  2 big kobolds (D:8)
  4 bullfrogs
  A gnoll sergeant (D:9)
  4 scorpions
  2 wights (D:7)
  A howler monkey (D:7)
  4 crimson imps
  5 hounds
  2 jellies
  A centaur skeleton (D:6)
  7 orc priests
  6 orc wizards
  Natasha (twice) (D:3)
  4 worker ants (D:4)
  An iguana (D:4)
  2 mummies (D:7)
  A worker ant zombie (D:5)
  13 gnolls
  A howler monkey skeleton (D:6)
  12 adders
  An ooze (D:3)
  An adder skeleton (D:8)
  3 worms
  6 leopard geckos
  32 orcs
  2 ball pythons
  5 giant cockroaches
  22 goblins
  8 hobgoblins
  13 jackals
  22 kobolds
  2 quokkas
  13 bats
  10 frilled lizards
  A jackal zombie (D:7)
  A leopard gecko skeleton (D:8)
  2 quokka skeletons
  9 rats
274 creatures vanquished.

Vanquished Creatures (collateral kills)
  An adder (D:6)
1 creature vanquished.

Vanquished Creatures (others)
  A plant (D:8)
1 creature vanquished.

Grand Total: 276 creatures vanquished

Notes
Turn   | Place    | Note
-------+----------+-------------------------------------------
     0 | D:1      | MisterFreud the Gnoll Chaos Knight began the quest for the
                  | Orb.
     0 | D:1      | Reached XP level 1. HP: 23/23 MP: 1/1
    75 | D:1      | Reached XP level 2. HP: 24/29 MP: 2/2
   104 | D:1      | XOM: harmless Ice miscast
   475 | D:1      | XOM: silly message
   529 | D:1      | XOM: harmless Chrm miscast
   617 | D:1      | Reached XP level 3. HP: 35/35 MP: 3/3
   716 | D:1      | XOM: harmless Necr miscast
   809 | D:2      | Reached skill level 1 in Invocations
   821 | D:2      | Reached skill level 1 in Long Blades
   821 | D:2      | Reached skill level 1 in Axes
   821 | D:2      | Reached skill level 1 in Maces & Flails
   821 | D:2      | Reached skill level 1 in Polearms
   821 | D:2      | Reached skill level 1 in Staves
   821 | D:2      | Reached skill level 1 in Slings
   821 | D:2      | Reached skill level 1 in Bows
   821 | D:2      | Reached skill level 1 in Crossbows
   821 | D:2      | Reached skill level 1 in Throwing
   821 | D:2      | Reached skill level 1 in Stealth
   821 | D:2      | Reached skill level 1 in Shields
   821 | D:2      | Reached skill level 1 in Unarmed Combat
   821 | D:2      | Reached skill level 1 in Spellcasting
   821 | D:2      | Reached skill level 1 in Evocations
   821 | D:2      | Reached XP level 4. HP: 27/41 MP: 5/5
   822 | D:2      | Found a burning altar of Makhleb.
   997 | D:2      | Reached skill level 1 in Conjurations
   997 | D:2      | Reached skill level 1 in Hexes
   997 | D:2      | Reached skill level 1 in Charms
   997 | D:2      | Reached skill level 1 in Summonings
   997 | D:2      | Reached skill level 1 in Necromancy
   997 | D:2      | Reached skill level 1 in Translocations
   997 | D:2      | Reached skill level 1 in Transmutations
   997 | D:2      | Reached skill level 1 in Fire Magic
   997 | D:2      | Reached skill level 1 in Ice Magic
   997 | D:2      | Reached skill level 1 in Air Magic
   997 | D:2      | Reached skill level 1 in Earth Magic
   997 | D:2      | Reached skill level 1 in Poison Magic
  1105 | D:2      | XOM: harmless Ice miscast
  1155 | D:2      | XOM: harmless Necr miscast
  1199 | D:2      | XOM: cloud trail
  1419 | D:3      | Reached XP level 5. HP: 41/47 MP: 6/6
  1533 | D:3      | XOM: god gift: fuming golden potion {god gift}
  1570 | D:3      | XOM: medium Tmut miscast
  1581 | D:3      | XOM: god gift: 19 arrows
  1677 | D:3      | Noticed Natasha
  1685 | D:3      | Killed Natasha
  1903 | D:3      | Reached XP level 6. HP: 53/53 MP: 8/8
  1936 | D:3      | Found an iron altar of Okawaru.
  2035 | D:3      | Noticed Natasha
  2038 | D:3      | XOM: scenery: create altars
  2043 | D:3      | Killed Natasha
  2263 | D:4      | Reached skill level 5 in Armour
  2385 | D:4      | XOM: cloud trail
  2483 | D:4      | XOM: divination: detect creatures
  2593 | D:4      | XOM: potion effect (invisibility)
  2673 | D:4      | Noticed a phantom
  2692 | D:4      | Killed a phantom
  2692 | D:4      | Reached XP level 7. HP: 55/59 MP: 10/10
  2696 | D:4      | Found a staircase to the Ecumenical Temple.
  2839 | D:5      | Entered Level 5 of the Dungeon
  2889 | D:5      | Found a shimmering altar of Xom.
  2889 | D:5      | Found a white marble altar of Elyvilon.
  2890 | D:5      | Found a shattered altar of Ashenzari.
  2891 | D:5      | Found a shimmering blue altar of Sif Muna.
  3073 | D:5      | XOM: potion effect (invisibility)
  3085 | D:5      | XOM: potion effect (agility)
  3096 | D:5      | Reached XP level 8. HP: 49/67 MP: 12/12
  3132 | D:5      | Found an opulent altar of Gozag.
  3162 | D:5      | Found an opulent altar of Gozag.
  3216 | D:5      | Found the +3 sling "Punk" {acid, rCorr}
  3317 | D:5      | XOM: divination: detect creatures
  3435 | D:5      | Found a glowing drain.
  3447 | Sewer    | Entered a sewer
  3456 | Sewer    | XOM: mild Ice miscast
  3552 | Sewer    | Noticed Purgy
  3563 | Sewer    | Killed Purgy
  3708 | D:6      | XOM: noise
  3753 | D:6      | XOM: enchant monster (good)
  4041 | D:6      | XOM: god gift: twitching granite ring {god gift}
  4044 | D:6      | Got a twitching granite ring {god gift}
  4046 | D:6      | Identified the ring "Weepsiq" {rF+ rN+ Str+4} (Xom gifted
                  | it to you on level 6 of the Dungeon)
  4223 | D:6      | Identified the +1 robe of the Countless Allies {+Fly MR++}
  4372 | D:6      | Found Kiet Hiy's Antique Armour Shoppe.
  4568 | D:6      | XOM: god gift: 15 gold pieces
  4696 | D:7      | Reached XP level 9. HP: 69/71 MP: 14/14
  4713 | D:7      | Found an ornate altar of the Wu Jian Council.
  4720 | D:7      | XOM: mild Tmut miscast
  4767 | D:7      | XOM is BORED!
  5025 | D:7      | XOM: potion effect (heal wounds)
  5178 | D:7      | Found a sacrificial altar of Ru.
  5405 | D:7      | XOM: god gift: leather armour {god gift}
  5432 | D:7      | Reached skill level 5 in Dodging
  5538 | D:8      | XOM: noise
  5769 | D:8      | XOM: harmless Summ miscast
  5773 | D:8      | XOM: confuse monster(s)
  5787 | D:8      | Reached skill level 5 in Invocations
  5800 | D:8      | Reached XP level 10. HP: 80/80 MP: 17/17
  5800 | D:8      | XOM: polymorph big kobold -> acid dragon
  5805 | D:8      | Noticed a three-headed hydra
  5811 | D:8      | Killed a three-headed hydra
  5811 | D:8      | Reached skill level 5 in Long Blades
  5811 | D:8      | Reached skill level 5 in Axes
  5811 | D:8      | Reached skill level 5 in Maces & Flails
  5811 | D:8      | Reached skill level 5 in Polearms
  5811 | D:8      | Reached skill level 5 in Staves
  5811 | D:8      | Reached skill level 5 in Slings
  5811 | D:8      | Reached skill level 5 in Bows
  5811 | D:8      | Reached skill level 5 in Crossbows
  5811 | D:8      | Reached skill level 5 in Throwing
  5811 | D:8      | Reached skill level 5 in Stealth
  5811 | D:8      | Reached skill level 5 in Shields
  5811 | D:8      | Reached skill level 5 in Unarmed Combat
  5811 | D:8      | Reached skill level 5 in Spellcasting
  5811 | D:8      | Reached skill level 5 in Evocations
  5900 | D:8      | XOM: harmless Chrm miscast
  5934 | D:8      | Found Ezotus's Distillery.
  5938 | D:8      | Bought a potion of heal wounds for 75 gold pieces
  5938 | D:8      | Bought a potion of heal wounds for 75 gold pieces
  5938 | D:8      | Bought a potion of heal wounds for 75 gold pieces
  5938 | D:8      | Bought a potion of ambrosia for 120 gold pieces
  6008 | D:8      | Found Cejotej's Weapon Shop.
  6054 | D:8      | Noticed a moth of wrath
  6054 | D:8      | Noticed ApocalypseTheory's ghost (novice CeHu)
  6055 | D:8      | Found a transporter.
  6068 | D:8      | Found a staircase to the Lair.
  6106 | D:8      | Found a hazy altar of Hepliaklqana.
  6112 | D:8      | XOM: harmless Tmut miscast
  6376 | D:8      | Found a transporter.
  6632 | D:9      | XOM: noise
  6635 | D:9      | XOM: scenery: 1 doors close
  6645 | D:9      | XOM: polymorph yak -> polar bear
  6655 | D:9      | XOM: 6-stop teleportation journey
  6730 | D:9      | XOM: give mutations
  6730 | D:9      | Gained mutation: You are clumsy. (Dex -2) [Xom's mischief]
  6730 | D:9      | Gained mutation: Your muscles are strong. (Str +2) [Xom's
                  | mischief]
  6730 | D:9      | Gained mutation: Scrolls take you a little longer to read.
                  | [Xom's mischief]
  6730 | D:9      | Gained mutation: Your spells are a little harder to cast,
                  | but a little more powerful. [Xom's mischief]
  6734 | D:9      | XOM: 1-stop teleportation journey
  6787 | D:9      | XOM: 2-stop teleportation journey
  6813 | D:9      | Noticed Harold
  6834 | D:9      | Killed Harold
  6834 | D:9      | Reached XP level 11. HP: 25/87 MP: 19/19
  6984 | D:9      | XOM: god gift: scroll of enchant weapon
  7100 | D:9      | XOM: divination: detect items
  7104 | D:9      | XOM: noise
  7130 | D:9      | XOM: divination: magic mapping
  7230 | D:9      | XOM: confusion (+ monsters)
  7243 | D:9      | XOM: confuse monster(s)
  7651 | D:9      | Found a staircase to the Orcish Mines.
  7757 | D:10     | Entered Level 10 of the Dungeon
  7878 | D:10     | Noticed a wizard
  7883 | D:10     | Killed a wizard
  7883 | D:10     | Reached skill level 5 in Conjurations
  7883 | D:10     | Reached skill level 5 in Hexes
  7883 | D:10     | Reached skill level 5 in Charms
  7883 | D:10     | Reached skill level 5 in Summonings
  7883 | D:10     | Reached skill level 5 in Necromancy
  7883 | D:10     | Reached skill level 5 in Translocations
  7883 | D:10     | Reached skill level 5 in Transmutations
  7883 | D:10     | Reached skill level 5 in Fire Magic
  7883 | D:10     | Reached skill level 5 in Ice Magic
  7883 | D:10     | Reached skill level 5 in Air Magic
  7883 | D:10     | Reached skill level 5 in Earth Magic
  7883 | D:10     | Reached skill level 5 in Poison Magic
  7890 | D:10     | XOM: harmless Ice miscast
  7953 | D:10     | Learned a level 4 spell: Sticky Flame
  8051 | D:10     | Found a flagged portal.
  8061 | D:10     | XOM: god gift: potion of lignification
  8072 | Bailey   | Entered a bailey
  8079 | Bailey   | Noticed an orc knight
  8093 | Bailey   | Noticed an orc knight
  8107 | Bailey   | Noticed an orc knight
  8159 | Bailey   | Noticed an orc knight
  8180 | Bailey   | Killed an orc knight
  8204 | Bailey   | Killed an orc knight
  8383 | Bailey   | XOM: divination: magic mapping
  8391 | Bailey   | HP: 2/89 [orc knight/+0 war axe (19)]
  8394 | Bailey   | Annihilated by an orc knight

Levels and vault maps discovered:
D:1:      lemuel_arrival_muddy, layout_basic
D:2:      layout_basic, makhleb_heckhound_becter, minivault_26,
          minmay_misc_feat_x
D:3:      layout_loops_ring, minmay_misc_feat_square, okawaru_altar_gauntlet_db,
          uniq_natasha
D:4:      layout_basic, minmay_temple_entry_hall, first_ration
D:5:      layout_rooms, chequers_temple_overflow_statue_of_worship,
          kennysheep_mini, gup_sewer_entry_bubbles,
          chequers_serial_rivers_small_a, corexii_item_surrounded_by_moat,
          grunt_gozag_statues
D:6:      layout_loops_cross, serial_shops, shop, minmay_ogre_servants
D:7:      layout_loops_corners, lemuel_round_altar, lemuel_doored_altar,
          serial_undead, serial_undead_c, serial_undead_c, serial_undead_f,
          serial_undead_c, serial_undead_e, serial_undead_c
D:8:      layout_rooms, dpeg_oklobed_lair, serial_shops, shop, shop,
          gammafunk_ghost_berserking_beasts, hangedman_ranch
          [blue_anna_fruit_fields], lemuel_centaur_altar
D:9:      layout_basic, orc_0_dummy, uniq_harold
D:10:     layout_long_grid, enter_bailey_8, lightli_wizard_tower
Bailey:   bailey_axe_4, bailey

Skill      XL: |  1  2  3  4  5  6  7  8  9 10 11 |
---------------+----------------------------------+-----
Invocations    | 1 2 3 4 5 6 |  6.8
Long Blades    | 1 2 3 4 5 6 |  6.2
Axes           | 1 2 3 4 5 6 |  6.2
Maces & Flails | 1 2 3 4 5 6 |  6.2
Polearms       | 1 2 3 4 5 6 |  6.2
Staves         | 1 2 3 4 5 6 |  6.2
Slings         | 1 2 3 4 5 6 |  6.2
Bows           | 1 2 3 4 5 6 |  6.2
Crossbows      | 1 2 3 4 5 6 |  6.2
Throwing       | 1 2 3 4 5 6 |  6.2
Stealth        | 1 2 3 4 5 6 |  6.2
Shields        | 1 2 3 4 5 6 |  6.2
Unarmed Combat | 1 2 3 4 5 6 |  6.2
Spellcasting   | 1 2 3 4 5 6 |  6.2
Evocations     | 1 2 3 4 5 6 |  6.2
Conjurations   | 1 2 3 4 5 |  5.1
Hexes          | 1 2 3 4 5 |  5.1
Charms         | 1 2 3 4 5 |  5.1
Summonings     | 1 2 3 4 5 |  5.1
Necromancy     | 1 2 3 4 5 |  5.1
Translocations | 1 2 3 4 5 |  5.1
Transmutations | 1 2 3 4 5 |  5.1
Fire Magic     | 1 2 3 4 5 |  5.1
Ice Magic      | 1 2 3 4 5 |  5.1
Air Magic      | 1 2 3 4 5 |  5.1
Earth Magic    | 1 2 3 4 5 |  5.1
Poison Magic   | 1 2 3 4 5 |  5.1
Dodging        | 3 4 5 6 |  6.7
Armour         | 5 6 7 |  7.8
Fighting       | 7 8 9 |  9.1
Short Blades   | 7 8 9 |  9.1

Action                   |  1- 3 |  4- 6 |  7- 9 | 10-12 || total
-------------------------+-------+-------+-------+-------++-------
Melee: Short sword       |    89 |   195 |   233 |   101 ||   618
       Bite              |     3 |    19 |    29 |    11 ||    62
       Dagger            |     4 |       |       |       ||     4
       Punch             |       |     2 |     4 |     2 ||     8
 Fire: Fustibalus        |       |       |   130 |   186 ||   316
  Use: Scroll            |     6 |     7 |     4 |     4 ||    21
       Potion            |       |       |       |     2 ||     2
 Stab: Paralysed         |     1 |       |       |       ||     1
       Petrifying        |       |     1 |       |       ||     1
       Sleeping          |       |     2 |     5 |       ||     7
       Invisible         |       |     3 |     5 |       ||     8
       Distracted        |       |       |     1 |       ||     1
  Eat: Chunk             |       |     6 |    10 |     8 ||    24
Armor: Leather armour    |    17 |       |       |       ||    17
       Ring mail         |    21 |    57 |    66 |    34 ||   178
       Robe              |       |       |       |     6 ||     6
Dodge: Dodged            |    53 |   111 |   113 |    86 ||   363

Table legend:
 A = Non-vault XP
 B = Vault XP
 C = Vault XP percentage of total XP
 D = Non-vault monster count
 E = Vault monster count
 F = Vault count percentage of total count
                 A         B        C        D         E       F
            +---------+---------+-------+---------+---------+-------
      Total |    6557 |    6647 |  50.3 |     206 |      69 |  25.1
            +---------+---------+-------+---------+---------+-------
        D:1 |      36 |       0 |   0.0 |      22 |       0 |   0.0
        D:2 |      70 |      43 |  38.1 |      25 |       1 |   3.8
        D:3 |     171 |      71 |  29.3 |      30 |       7 |  18.9
        D:4 |     288 |       0 |   0.0 |       7 |       0 |   0.0
        D:5 |     605 |      26 |   4.1 |      20 |       6 |  23.1
        D:6 |     684 |     137 |  16.7 |      21 |       9 |  30.0
        D:7 |     841 |     273 |  24.5 |      17 |       6 |  26.1
        D:8 |     819 |    2661 |  76.5 |      24 |      12 |  33.3
        D:9 |    2311 |     970 |  29.6 |      35 |       1 |   2.8
       D:10 |     732 |     764 |  51.1 |       5 |       2 |  28.6
      Sewer |       0 |     156 | 100.0 |       0 |       6 | 100.0
     Bailey |       0 |    1546 | 100.0 |       0 |      19 | 100.0
            +---------+---------+-------+---------+---------+-------
